 Dungeon Crawl Stone Soup version 0.28.0-53-g5a82cb258f (webtiles) character file.

Game seed: 8400780535949134493

92434 safid the Devastator (level 16, -9/101 HPs)
             Began as a Gargoyle Earth Elementalist on Aug 29, 2022.
             Was a High Priest of Vehumet.
             Killed by Lee's Rapid Deconstruction
             ... invoked by Jorgrun
              (39 damage)
             ... on level 14 of the Dungeon.
             The game lasted 01:13:15 (32565 turns).

safid the Devastator (Gargoyle Earth Elementalist) Turns: 32565, Time: 01:13:15

Health: -9/101     AC: 29    Str: 13    XL:     16   Next: 6%
Magic:  25/41      EV: 12    Int: 32    God:    Vehumet [*****.]
Gold:   1692       SH:  0    Dex: 10    Spells: 3/38 levels left

rFire   + . .      SeeInvis .   P - +8 war axe "Peem" {elec, rElec rPois rF+ Int-2}
rCold   . . .      Faith    .   (no shield)
rNeg    + + .      Spirit   .   T - +1 robe {Will+}
rPois   ∞          Reflect  .   B - +3 hat of Pondering {ponderous, Will+ MP+10 Int+5}
rElec   +          Harm     .   n - +0 cloak
rCorr   .          Rampage  .   d - +2 pair of gloves {hurl}
Will    +++++      Clarity  +   u - +2 pair of boots
Stlth   ++........              x - amulet of the Four Winds {rN+ Will+++ Clar}
HPRegen 0.26/turn               D - +6 ring of intelligence
MPRegen 0.27/turn               C - +4 ring of protection

@: flying, studying Conjurations, slow
A: sickness immunity, AC +12, big wings, negative energy resistance 1,
electricity resistance, torment resistance 1, petrification resistance
a: Renounce Religion


You were on level 14 of the Dungeon.
You worshipped Vehumet.
Vehumet was extremely pleased with you.
You visited 4 branches of the dungeon, and saw 23 of its levels.

You collected 2484 gold pieces.
You spent 792 gold pieces at shops.

Inventory:

Hand Weapons
 P - the +8 war axe "Peem" (weapon) {elec, rElec rPois rF+ Int-2}
   (You found it on level 2 of the Lair of Beasts)

   It occasionally discharges a powerful burst of electricity upon striking a
   foe.
   Int:       It affects your intelligence (-2).
   rF:        It protects you from fire.
   rElec:     It insulates you from electricity.
   rPois:     It protects you from poison.
Missiles
 a - 2 throwing nets
 i - 4 curare-tipped darts
 M - 55 stones
 Q - 4 javelins
 U - 4 silver javelins
Armour
 d - a +2 pair of gloves of hurling (worn)
 n - a +0 cloak (worn)
 u - a +2 pair of boots (worn)
 B - the +3 hat of Pondering (worn) {ponderous, Will+ MP+10 Int+5}
   (You took it off Gastronok on level 3 of the Lair of Beasts)

   Int:       It affects your intelligence (+5).
   MP:        It affects your magic capacity (+10).
   Will:      It increases your willpower.
 T - a +1 robe of willpower (worn)
Jewellery
 b - a ring of fire
 q - a ring of protection from cold
 x - the amulet of the Four Winds (around neck) {rN+ Will+++ Clar}
   (You found it on level 5 of the Lair of Beasts)

   [amulet of nothing]

   rN:        It protects you from negative energy.
   Clar:      It protects you against confusion.
   Will:      It greatly increases your willpower.
 C - a +4 ring of protection (right hand)
 D - a +6 ring of intelligence (left hand)
 I - the ring of Urpheumn {Ice Will+ Dex+3 Stlth+}
   (You found it on level 6 of the Lair of Beasts)

   [ring of ice]

   It enhances your ice magic.
   Dex:       It affects your dexterity (+3).
   rF:        It makes you vulnerable to fire.
   rC:        It protects you from cold.
   Will:      It increases your willpower.
   Stlth:     It makes you more stealthy.
 X - the ring of the Piercing Fool {rC++ EV+4 Int-3}
   (You found it on level 2 of the Orcish Mines)

   [ring of evasion]

   EV:        It affects your evasion (+4).
   Int:       It affects your intelligence (-3).
   rC:        It greatly protects you from cold.
Wands
 f - a wand of flame (23)
 g - a wand of charming (14)
 o - a wand of iceblast (25)
 v - a wand of paralysis (10)
 y - a wand of acid (20)
Scrolls
 c - a scroll of enchant armour
 j - 3 scrolls of magic mapping
 l - 9 scrolls of teleportation
 p - a scroll of identify
 w - 4 scrolls of blinking
 z - a scroll of fog
 A - 5 scrolls of enchant weapon
 E - a scroll of holy word
 H - 4 scrolls of fear
Potions
 e - 3 potions of flight
 h - a potion of invisibility {unknown}
 k - 5 potions of mutation
 m - 3 potions of haste
 s - 2 potions of might
 t - 2 potions of brilliance
 F - 5 potions of ambrosia
 J - 3 potions of lignification
 K - 4 potions of heal wounds
 L - 3 potions of curing
 N - a potion of magic {unknown}
 O - 2 potions of attraction
 R - a potion of resistance
Miscellaneous
 r - a box of beasts
 G - a phantom mirror
 W - a condenser vane


   Skills:
 - Level 12.0 Fighting
 - Level 2.0 Dodging
 - Level 2.1 Stealth
 + Level 11.8 Spellcasting
 + Level 18.3 Conjurations
 - Level 8.0 Summonings
 - Level 4.0 Translocations
 - Level 6.0 Transmutations
 + Level 7.2 Fire Magic
 - Level 12.0 Earth Magic


You had 3 spell levels left.
You knew the following spells:

 Your Spells              Type           Power      Damage    Failure   Level
a - Orb of Destruction    Conj           47%        9d12      1%          7
b - Stone Arrow           Conj/Erth      100%       3d13      0%          3
c - Iron Shot             Conj/Erth      43%        9d8       1%          6
d - Spellforged Servitor  Conj/Summ      40%        N/A       2%          7
e - Fireball              Conj/Fire      39%        3d16      1%          5
f - Irradiate             Conj/Tmut      38%        3d26      1%          5
g - Blink                 Tloc           88%        N/A       1%          2

Your spell library contained the following spells:

 Spells                   Type           Power      Damage    Failure   Level
 Lee's Rapid Deconstruct  Erth           38%        3d20*     1%          5
 Foxfire                  Conj/Fire      100%       2x1d9     0%          1
 Sandblast                Erth           100%       2d20      0%          1
 Apportation              Tloc           88%        N/A       1%          1
 Passwall                 Tmut/Erth      55%        N/A       1%          2
 Conjure Flame            Conj/Fire      79%        6-21      1%          3
 Gell's Gravitas          Tloc           44%        N/A       1%          3
 Inner Flame              Hex/Fire       42%        N/A       1%          3
 Lesser Beckoning         Tloc           44%        N/A       1%          3
 Teleport Other           Tloc           44%        N/A       1%          3
 Spider Form              Tmut/Pois      38%        N/A       2%          3
 Flame Wave               Conj/Fire      79%        2d14      1%          4
 Petrify                  Tmut/Erth      66%        N/A       1%          4
 Iskenderun's Battlesphe  Conj           94%        2d14      1%          5
 Starburst                Conj/Fire      39%        6d11      1%          6
 Conjure Ball Lightning   Conj/Air       33%        3x3d11    2%          6
 Blade Hands              Tmut           27%        N/A       6%          5
 Summon Forest            Summ/Tloc      27%        N/A       6%          5
 Manifold Assault         Tloc           44%        N/A       14%         5
 Alistair's Intoxication  Tmut/Pois      25%        N/A       21%         5
 Eringya's Noxious Bog    Tmut/Pois      19%        N/A       28%         6
 Summon Hydra             Summ           31%        N/A       63%         7
 Dragon Form              Tmut           27%        N/A       88%         7
 Ignition                 Fire           30%        3d10      88%         8


Dungeon Overview and Level Annotations

Branches:
Dungeon (14/15)            Temple (1/1) D:7            Lair (6/6) D:10
  Swamp (0/4) Lair:2        Snake (0/4) Lair:2        Slime (0/5) Lair:6
    Orc (2/2) D:11            Elf (0/3) Orc:2        Vaults (0/5) D:13

Altars:
Ashenzari
Cheibriados
Dithmenos
Elyvilon
Fedhas
Gozag
Hepliaklqana
Kikubaaqudgha
Makhleb
Nemelex Xobeh
Okawaru
Qazlal
Ru
Sif Muna
Trog
Uskayaw
Vehumet
Wu Jian
Xom
Yredelemnul
Zin
The Shining One
Beogh

Shops:
D:1 =   D:6 [   Orc:2 ::*(

Annotations:
D:5 2 transporters, Fractals's ghost, amateur DEFE
D:6 4 runed translucent doors
D:14 Jorgrun
Lair:2 exclusion: 4 oklob plants
Lair:6 3 runed translucent doors, jjjjhere's ghost, journeyman KoBr


Innate Abilities, Weirdness & Mutations

You are immune to sickness and miasma.
Your stone body is resilient. (AC +12)
You are immune to poison.
Your large and strong wings let you fly.
You resist negative energy. (rN+)
You are resistant to electric shocks. (rElec)
You are resistant to unholy torment.
You are immune to petrification.


Message History

Aiming: Iron Shot (mildly dangerous; 1% risk of failure)
Press: ? - help, Shift-Dir - straight line, f - wraith
Aim: a wraith (76% to hit)
The iron shot misses the wraith.
The centaur shouts!
Unknown command.
Casting: Iron Shot (mildly dangerous; 1% risk of failure)
Confirm with . or Enter, or press ? or * to list all spells.
Aiming: Iron Shot (mildly dangerous; 1% risk of failure)
Press: ? - help, Shift-Dir - straight line, f/p - wraith
Aim: a wraith (76% to hit)
The iron shot hits the wraith!!
The wraith is almost destroyed.
The centaur shoots an arrow.
The arrow hits you but does no damage. Jorgrun gestures at you while chanting.
Roots burst forth from the earth!
The grasping roots grab you! The grasping roots constrict you!
Casting: Iron Shot (mildly dangerous; 1% risk of failure)
Confirm with . or Enter, or press ? or * to list all spells.
Aiming: Iron Shot (mildly dangerous; 1% risk of failure)
Press: ? - help, Shift-Dir - straight line, f/p - wraith
Aim: a wraith (almost destroyed, 76% to hit)
The iron shot hits the wraith!!
You destroy the wraith!
Vehumet accepts your kill.
The centaur shoots an arrow.
The arrow completely misses you. The grasping roots constrict you!!
You escape the roots' grasp.
The centaur shoots an arrow.
The arrow hits you but does no damage.
The centaur shoots an arrow.
The arrow barely misses you.
The centaur shoots an arrow.
The arrow hits you but does no damage.
Jorgrun says, "Tha earth be me home, an' ye be trespassing!"
Jorgrun gestures at you while chanting.
You shatter!!!
The centaur shoots an arrow.
The arrow hits you!
* * * LOW HITPOINT WARNING * * *
Jorgrun gestures at you while chanting.
You shatter!!!
You die...

###########.......#
#.......# #..gc...#
#.......# #..D....#
#.......# #.......#
#.......# #...@...#
#...<...# #.......#
#.......# #.......#
#.......# #.......#
#.......# #.......#


You could see Jorgrun, a seven-headed hydra and a centaur.

Vanquished Creatures
  Saint Roka (Orc:2)
  Rupert (Orc:2)
  Gastronok (Lair:3)
  The ghost of Rudyous the Severer, a journeyman MiBe of Trog (Orc:2)
  An orc warlord (Orc:1)
  The ghost of quixfox the Severer, a journeyman MiFi of Okawaru (Orc:2)
  The ghost of selky the Fencer, a journeyman MiBe of Trog (Orc:2)
  The ghost of Stomo the Fighter, a journeyman DrMo of Ru (Orc:2)
  Nessos (Lair:6)
  The ghost of Soldner the Severer, a journeyman DsBe of Trog (Orc:2)
  Snorg (D:12)
  An ettin (Orc:2)
  Erolcha (D:10)
  3 hydras
  A catoblepas (Lair:6)
  2 boulder beetles (Lair:6)
  2 dancing weapons (D:13)
  A deep troll shaman (Lair:6)
  4 ogre magi (Orc:2)
  3 centaur warriors
  14 death yaks
  20 two-headed ogres
  Urug (Lair:3)
  Sonja (Lair:2)
  4 skeletal warriors
  A lindwurm (Lair:6)
  An orc knight (Orc:1)
  2 deep elf pyromancers (D:12)
  An orc sorcerer (Orc:1)
  An oklob plant (Lair:5)
  3 cyclopes
  An ugly thing (D:9)
  A manticore (Lair:2)
  12 elephants
  5 black mambas
  3 centaur zombies
  14 cane toads
  An unseen horror (D:10)
  3 kobold demonologists (D:12)
  9 komodo dragons
  4 rime drakes
  A tengu conjurer (D:9)
  8 trolls
  A queen bee (Lair:2)
  2 polar bears
  5 blink frogs (Lair:5)
  6 dream sheep (Lair:4)
  6 slime creatures
  4 wraiths
  48 yaks
  6 wyverns
  8 basilisks
  2 humans (D:10)
  3 steam dragons
  5 wargs
  An acid dragon (D:10)
  18 water moccasins
  A swamp drake (D:11)
  An ice beast (D:8)
  19 orc warriors
  A black bear (Lair:6)
  A necrophage (D:6)
  30 ogres
  9 wolves
  A phantom (D:7)
  9 centaurs
  3 kobold brigands
  10 bullfrogs
  A wyvern zombie (D:7)
  2 water moccasin zombies
  A water moccasin skeleton (D:5)
  37 killer bees
  3 howler monkeys
  An electric eel (Lair:5)
  3 hounds
  2 bullfrog zombies
  2 jellies (Lair:6)
  A centaur skeleton (D:6)
  15 orc priests
  18 iguanas
  15 orc wizards
  10 hell rats
  A hound zombie (D:5)
  A hound skeleton (D:4)
  5 adders
  A river rat (Lair:2)
  An ufetubus (D:4)
  A worm (D:3)
  2 dart slugs
  55 orcs
  3 ball pythons
  5 bats
  10 endoplasms
  5 giant cockroaches
  4 goblins
  10 hobgoblins
  4 quokkas
  18 frilled lizards
  9 kobolds
  3 rats
589 creatures vanquished.

Vanquished Creatures (others)
  19 fungi
  65 plants
84 creatures vanquished.

Grand Total: 673 creatures vanquished

Notes
Turn   | Place    | Note
-------+----------+-------------------------------------------
     0 | D:1      | safid the Gargoyle Earth Elementalist began the quest for
                  | the Orb.
     0 | D:1      | Reached XP level 1. HP: 10/10 MP: 3/3
   296 | D:1      | Reached skill level 1 in Transmutations
   296 | D:1      | Reached XP level 2. HP: 9/16 MP: 1/5
   696 | D:1      | Found Edenol's Jewellery Shop.
  1324 | D:1      | Reached skill level 1 in Fighting
  1856 | D:2      | Reached XP level 3. HP: 1/20 MP: 2/6
  2209 | D:2      | Learned a level 3 spell: Stone Arrow
  3312 | D:2      | Reached XP level 4. HP: 26/26 MP: 7/7
  4287 | D:4      | Reached XP level 5. HP: 29/31 MP: 9/9
  4506 | D:4      | Noticed an ogre
  4511 | D:4      | Killed an ogre
  4512 | D:4      | Reached skill level 5 in Earth Magic
  4779 | D:4      | Reached XP level 6. HP: 37/37 MP: 9/11
  4987 | D:5      | Entered Level 5 of the Dungeon
  5306 | D:5      | Reached skill level 1 in Conjurations
  5426 | D:5      | Identified the +7 mace of Hemuhei {drain, Stlth+}
  5474 | D:5      | Found a transporter.
  5476 | D:5      | Found a transporter.
  5478 | D:5      | Noticed Fractals's ghost (amateur DEFE)
  5916 | D:5      | Found a glowing silver altar of Zin.
  5923 | D:5      | Noticed a two-headed ogre
  5933 | D:5      | Killed a two-headed ogre
  5934 | D:5      | Reached skill level 3 in Conjurations
  5934 | D:5      | Reached XP level 7. HP: 17/44 MP: 4/13
  5934 | D:5      | Reached XP level 8. HP: 19/48 MP: 4/14
  6282 | D:5      | Found a shimmering altar of Xom.
  6282 | D:5      | Found a blossoming altar of Fedhas.
  6284 | D:5      | Found a bloodstained altar of Trog.
  6286 | D:5      | Found a sparkling altar of Nemelex Xobeh.
  6449 | D:5      | Reached skill level 5 in Fighting
  6932 | D:6      | Identified a scroll of acquirement
  6933 | D:6      | Acquired 484 gold pieces
  6942 | D:6      | Learned a level 6 spell: Iron Shot
  7046 | D:6      | Reached skill level 5 in Spellcasting
  7046 | D:6      | Reached skill level 4 in Conjurations
  7321 | D:6      | Found a large runed translucent door.
  7321 | D:6      | Found a large runed translucent door.
  7321 | D:6      | Noticed a gargoyle
  7330 | D:6      | Found a large runed translucent door.
  7330 | D:6      | Found a large runed translucent door.
  7386 | D:6      | Found Gyuc's Armour Shoppe.
  7922 | D:6      | Reached skill level 5 in Conjurations
  7922 | D:6      | Reached XP level 9. HP: 36/55 MP: 1/17
  8440 | D:6      | Noticed a two-headed ogre
  8446 | D:6      | Killed a two-headed ogre
  8447 | D:6      | Reached skill level 6 in Conjurations
  9149 | D:7      | Learned a level 7 spell: Spellforged Servitor
  9390 | D:7      | Found a staircase to the Ecumenical Temple.
  9399 | Temple   | Entered the Ecumenical Temple
  9452 | Temple   | Became a worshipper of Vehumet
  9676 | D:7      | Reached XP level 10. HP: 63/63 MP: 13/20
 10010 | D:8      | Reached skill level 7 in Conjurations
 10490 | D:8      | Learned a level 5 spell: Fireball
 10707 | D:9      | Noticed a two-headed ogre
 10711 | D:9      | Killed a two-headed ogre
 10712 | D:9      | Reached skill level 1 in Summonings
 10712 | D:9      | Reached skill level 1 in Fire Magic
 10785 | D:9      | Noticed a two-headed ogre
 11044 | D:9      | Found a snail-covered altar of Cheibriados.
 11168 | D:9      | Reached skill level 10 in Earth Magic
 11280 | D:9      | Reached * piety under Vehumet
 11280 | D:9      | Offered knowledge of Foxfire by Vehumet.
 11442 | D:9      | Killed a two-headed ogre
 11443 | D:9      | Reached skill level 8 in Conjurations
 11511 | D:9      | Reached XP level 11. HP: 68/68 MP: 5/22
 11671 | D:9      | Noticed a green ugly thing
 11723 | D:9      | Noticed a centaur warrior
 11876 | D:9      | Noticed a two-headed ogre
 11881 | D:9      | Killed a two-headed ogre
 12044 | D:9      | Killed a centaur warrior
 12150 | D:9      | Killed a green ugly thing
 12384 | D:10     | Entered Level 10 of the Dungeon
 12399 | D:10     | Noticed Erolcha
 12490 | D:10     | Killed Erolcha
 12624 | D:10     | Found a staircase to the Lair.
 12749 | D:10     | Found an iron altar of Okawaru.
 13103 | D:10     | Reached skill level 9 in Conjurations
 13981 | Lair:1   | Entered Level 1 of the Lair of Beasts
 14234 | Lair:1   | Reached skill level 5 in Fire Magic
 14784 | Lair:1   | Reached skill level 5 in Summonings
 14784 | Lair:1   | Reached XP level 12. HP: 76/76 MP: 10/24
 14955 | Lair:1   | Reached ** piety under Vehumet
 14955 | Lair:1   | Offered knowledge of Freeze by Vehumet.
 15537 | Lair:2   | Reached skill level 10 in Conjurations
 15544 | Lair:2   | Learned a level 5 spell: Irradiate
 15577 | Lair:2   | Offered knowledge of Static Discharge by Vehumet.
 15659 | Lair:2   | Reached skill level 10 in Fighting
 15962 | Lair:2   | Reached *** piety under Vehumet
 15966 | Lair:2   | You fall into a shaft and drop 2 floors!
 16243 | Lair:2   | Offered knowledge of Fulminant Prism by Vehumet.
 16265 | Lair:2   | Found a staircase to the Snake Pit.
 16388 | Lair:1   | Reached skill level 11 in Conjurations
 16603 | Lair:2   | Reached skill level 10 in Spellcasting
 16635 | Lair:2   | Reached XP level 13. HP: 82/82 MP: 16/27
 16680 | Lair:2   | Noticed Sonja
 16681 | Lair:2   | Killed Sonja
 16873 | Lair:2   | Found a staircase to the Swamp.
 17053 | Lair:2   | Identified the +8 war axe "Peem" {elec, rElec rPois rF+
                  | Int-2}
 17395 | Lair:3   | Noticed Gastronok
 17405 | Lair:3   | Killed Gastronok
 17405 | Lair:3   | Reached **** piety under Vehumet
 17506 | Lair:3   | Reached skill level 5 in Transmutations
 17539 | Lair:3   | Noticed Urug
 17545 | Lair:3   | Killed Urug
 17923 | Lair:4   | Reached skill level 12 in Conjurations
 18210 | Lair:4   | Offered knowledge of Airstrike by Vehumet.
 18766 | Lair:4   | Learned a level 2 spell: Blink
 18809 | Lair:5   | Found a hide-covered altar of Uskayaw.
 18978 | Lair:5   | Found the amulet of the Four Winds {rN+ Will+++ Clar}
 19025 | Lair:5   | Reached skill level 1 in Translocations
 19244 | Lair:5   | Reached skill level 13 in Conjurations
 19374 | Lair:5   | Reached ***** piety under Vehumet
 19374 | Lair:5   | Offered knowledge of Starburst by Vehumet.
 20429 | Lair:6   | Entered Level 6 of the Lair of Beasts
 20441 | Lair:5   | Reached skill level 14 in Conjurations
 20441 | Lair:5   | Gained mutation: Your large and strong wings let you fly.
                  | [Gargoyle growth]
 20441 | Lair:5   | Reached XP level 14. HP: 81/88 MP: 7/28
 20939 | Lair:6   | Found a staircase to the Slime Pits.
 21163 | Lair:6   | Reached skill level 15 in Conjurations
 21241 | Lair:6   | Noticed Nessos
 21248 | Lair:6   | Killed Nessos
 22247 | Lair:6   | Identified the ring of Urpheumn {Ice Will+ Dex+3 Stlth+}
 22280 | Lair:6   | Found a runed translucent gate.
 22280 | Lair:6   | Found a runed translucent gate.
 22280 | Lair:6   | Found a runed translucent gate.
 22283 | Lair:6   | Noticed jjjjhere's ghost (journeyman KoBr)
 22650 | Lair:6   | Reached skill level 16 in Conjurations
 23927 | D:11     | Offered knowledge of Sticky Flame by Vehumet.
 24161 | D:11     | Found a staircase to the Orcish Mines.
 24507 | Orc:1    | Entered Level 1 of the Orcish Mines
 24673 | Orc:1    | Reached XP level 15. HP: 94/94 MP: 17/29
 24779 | Orc:1    | Learned a level 7 spell: Orb of Destruction
 24866 | Orc:1    | Noticed an orc warlord
 24874 | Orc:1    | Killed an orc warlord
 25093 | Orc:1    | Found a radiant altar of Vehumet.
 25241 | Orc:2    | Entered Level 2 of the Orcish Mines
 25402 | Orc:2    | Noticed Rupert
 25458 | Orc:2    | Killed Rupert
 25839 | Orc:2    | Noticed Saint Roka
 26882 | Orc:2    | Killed Saint Roka
 27218 | Orc:2    | Offered knowledge of Lee's Rapid Deconstruction by Vehumet.
 27700 | Orc:2    | Reached skill level 17 in Conjurations
 28114 | Orc:2    | Found a staircase to the Elven Halls.
 28699 | Orc:2    | Found a runed translucent gate.
 28699 | Orc:2    | Noticed Stomo's ghost (journeyman DrMo)
 28699 | Orc:2    | Noticed quixfox's ghost (journeyman MiFi)
 28700 | Orc:2    | Found a runed translucent gate.
 28701 | Orc:2    | Found a runed translucent gate.
 28701 | Orc:2    | Noticed Rudyous's ghost (journeyman MiBe)
 28701 | Orc:2    | Noticed selky's ghost (journeyman MiBe)
 28702 | Orc:2    | Noticed Soldner's ghost (journeyman DsBe)
 28766 | Orc:2    | Found Wumintisch's Antique Weapon Shop.
 28767 | Orc:2    | Found Peitwee's General Store.
 28768 | Orc:2    | Found Femyedit's Book Boutique.
 28768 | Orc:2    | Found Nycwulea's Book Emporium.
 28779 | Orc:2    | Bought a book of Fire for 792 gold pieces
 29208 | Orc:2    | Killed Soldner's ghost
 29211 | Orc:2    | Killed quixfox's ghost
 29215 | Orc:2    | Killed Rudyous's ghost
 29219 | Orc:2    | Killed selky's ghost
 29261 | Orc:2    | Killed Stomo's ghost
 29526 | Orc:2    | Got the Guide on Shifting Clay
 29552 | Orc:2    | Identified the ring of the Piercing Fool {rC++ EV+4 Int-3}
 29832 | D:12     | Noticed Snorg
 29836 | D:12     | Killed Snorg
 31248 | D:13     | Found a gate to the Vaults.
 31252 | D:13     | Reached skill level 18 in Conjurations
 31479 | D:12     | Reached XP level 16. HP: 79/101 MP: 2/31
 32557 | D:14     | Noticed Jorgrun
 32565 | D:14     | Killed from afar by Jorgrun

Illustrated notes

Levels and vault maps discovered:
D:1:      minmay_arrival_four_houses, layout_basic, serial_shops, shop,
          minmay_box_of_dots
D:2:      layout_loops_ring, serial_bayou_pond_e
D:3:      layout_rooms
D:4:      layout_loops_ring
D:5:      layout_basic, minitemple, mainiacjoe_overflow_tiny_flanked,
          gammafunk_ghost_smash, minmay_misc_feat_encased
D:6:      layout_basic, serial_shops, nicolae_shop_crystal,
          minmay_hollow_rounded_squares
D:7:      layout_rooms, lemuel_temple_firewalk_b
D:8:      layout_rooms
D:9:      layout_long_grid, kennysheep_slug_shrine,
          minmay_fractal_squares_gapless_7
D:10:     layout_stronghold, okawaru_humans, lair_entry_dummy, uniq_erolcha
D:11:     layout_long_grid, erik_orc_1
D:12:     layout_basic, uniq_snorg
D:13:     layout_roguey, erik_vaults_1, st_stairs_14
D:14:     layout_cross, uniq_jorgrun
Temple:   eino_wide_crystal_templ
Lair:1:   layout_cave_pods, infiniplex_staircase_pool_2
Lair:2:   hangedman_what_comes_after_a, layout_gridlike, swamp_mist_pool,
          minmay_snake_entry_six_corridors, uniq_sonja
Lair:3:   layout_long_grid, uniq_gastronok, uniq_urug
Lair:4:   layout_small_grid, lemuel_fruit_tree, lemuel_fruit_fields,
          infiniplex_staircase_pool
Lair:5:   lemuel_reptile_caves, layout_cellular_growth, lemuel_oklob_altar,
          serial_bayou_shore_a
Lair:6:   grunt_lair_end_beastmaster, layout_layer_cave,
          minmay_slime_entry_pillars, gammafunk_ghost_hydra_chop, uniq_nessos
Orc:1:    cheibrodos_orc_arena, layout_caves, basic_altar
Orc:2:    st_orc_ogre_mass, layout_caves, basic_altar, gammafunk_ghost_cemetery,
          uniq_rupert, uniq_saint_roka

Skill      XL: |  1  2  3  4  5  6  7  8  9 10 11 12 13 14 15 |
---------------+----------------------------------------------+-----
Transmutations | 1 3 6 |  6.0
Fighting       | 1 2 3 4 6 7 8 9 10 11 12 | 12.0
Earth Magic    | 4 5 6 7 9 10 12 | 12.0
Dodging        | 2 |  2.0
Spellcasting   | 3 4 5 6 7 8 10 11 | 11.8
Conjurations   | 3 5 6 8 9 11 14 16 18 | 18.3
Summonings     | 3 5 6 7 8 |  8.0
Fire Magic     | 3 5 6 7 |  7.2
Translocations | 4 |  4.0
Stealth        | |  2.1

Action                   |  1- 3 |  4- 6 |  7- 9 | 10-12 | 13-15 | 16-18 || total
-------------------------+-------+-------+-------+-------+-------+-------++-------
Melee: Unarmed           |    59 |       |       |       |       |       ||    59
       Staff             |    63 |   143 |       |       |       |       ||   206
       Punch             |     1 |     1 |       |       |     2 |       ||     4
       Mace              |       |       |    27 |    28 |       |       ||    55
       War axe           |       |       |       |       |   213 |       ||   213
 Cast: Sandblast         |    23 |    45 |    10 |    51 |       |       ||   129
       Stone Arrow       |       |       |    69 |   261 |    37 |       ||   367
       Fireball          |       |       |       |     9 |    22 |       ||    31
       Irradiate         |       |       |       |     1 |    21 |       ||    22
       Iron Shot         |       |       |       |       |   357 |    11 ||   368
       Orb of Destructio |       |       |       |       |     7 |       ||     7
       Blink             |       |       |       |       |     1 |       ||     1
Evoke: Wand              |       |       |       |       |     2 |       ||     2
  Use: Scroll            |       |       |    11 |     8 |    12 |       ||    31
       Potion            |       |       |       |     5 |     2 |       ||     7
 Stab: Sleeping          |     7 |     3 |       |       |     1 |       ||    11
       Paralysed         |       |       |       |       |     5 |       ||     5
Armor: Robe              |    33 |    51 |    30 |   121 |   284 |    14 ||   533
Dodge: Dodged            |   117 |   161 |    43 |   152 |   266 |    10 ||   749
